[ AOE2 MATCH · #463021877 ]
UnrankedCumans vs Mapuche
[ REPLAY ANALYSIS · EXTRACTED FROM THE RECORDED GAME ]
Feudal
9:44
Castle
23:50
Imperial
35:01
| APM avg | 26.9 |
| APM peak | 74 |
| eAPM avg | 13.5 |
| Villagers / military | 235 / 144 |
Focus
⚔️ 25.6% · 🌾 74.4%
Knight ×102 · Camel Scout ×39 · Trade Cart ×5 · Spearman ×3
Feudal
11:07
Castle
19:46
Imperial
37:18
| APM avg | 44.9 |
| APM peak | 83 |
| eAPM avg | 21.2 |
| Villagers / military | 120 / 192 |
Focus
⚔️ 26.0% · 🌾 74.0%
Bolas Rider ×99 · Spearman ×46 · Kona ×34 · Skirmisher ×10 · Trebuchet (Packed) ×3
Feudal
11:50
Castle
18:51
Imperial
37:13
| APM avg | 16.2 |
| APM peak | 31 |
| eAPM avg | 10.4 |
| Villagers / military | 123 / 222 |
Focus
⚔️ 27.6% · 🌾 72.4%
Leitis ×96 · Spearman ×86 · Skirmisher ×36 · Monk ×2 · Trebuchet (Packed) ×2
Feudal
10:02
Castle
19:47
Imperial
40:23
| APM avg | 27.0 |
| APM peak | 61 |
| eAPM avg | 15.2 |
| Villagers / military | 126 / 197 |
Focus
⚔️ 35.6% · 🌾 64.4%
Camel Scout ×139 · Ghulam ×46 · Trebuchet (Packed) ×4 · Monk ×3 · Spearman ×3 · Bombard Cannon ×2
Feudal
10:43
Castle
15:01
Imperial
38:22
| APM avg | 19.2 |
| APM peak | 44 |
| eAPM avg | 13.0 |
| Villagers / military | 162 / 167 |
Focus
⚔️ 34.3% · 🌾 65.7%
Cavalry Archer ×131 · Scout Cavalry ×34 · Trade Cart ×18 · Spearman ×2
Feudal
10:45
Castle
21:49
Imperial
39:08
| APM avg | 20.0 |
| APM peak | 39 |
| eAPM avg | 13.2 |
| Villagers / military | 133 / 450 |
Focus
⚔️ 41.1% · 🌾 58.9%
Scout Cavalry ×211 · Camel Scout ×142 · Steppe Lancer ×97 · Trade Cart ×13
Match map
Initial resources + every placement click. Lines = walls · curves = elevation contours. ◆ gold · ⬟ stone · ● berries · ✦ relic · ◌ wall gap
Inputs per minute
— JeyAy - - IBUYPAWS
Build order — JeyAy
First 150 of 392 actions detected
| 0:01 | Create | Villager (Male) ×4 |
| 0:03 | Build | House |
| 0:05 | Build | House |
| 1:26 | Create | Villager (Male) |
| 1:56 | Create | Villager (Male) |
| 1:56 | Create | Villager (Male) |
| 2:34 | Create | Villager (Male) |
| 2:34 | Create | Villager (Male) |
| 3:12 | Create | Villager (Male) |
| 3:12 | Create | Villager (Male) |
| 3:48 | Create | Villager (Male) |
| 3:48 | Create | Villager (Male) |
| 3:50 | Build | House |
| 3:54 | Build | Lumber Camp |
| 4:26 | Create | Villager (Male) |
| 4:27 | Create | Villager (Male) |
| 5:22 | Create | Villager (Male) |
| 5:22 | Create | Villager (Male) |
| 6:05 | Create | Villager (Male) |
| 6:05 | Create | Villager (Male) |
| 6:18 | Build | Mill |
| 6:37 | Create | Villager (Male) |
| 6:38 | Create | Villager (Male) |
| 6:38 | Create | Villager (Male) |
| 6:38 | Create | Villager (Male) |
| 6:46 | Build | House |
| 7:09 | Research | Loom |
| 7:31 | Research | Feudal Age |
| 7:57 | Build | Palisade Wall |
| 8:36 | Create | Villager (Male) |
| 8:37 | Create | Villager (Male) |
| 9:06 | Build | House |
| 9:11 | Build | Palisade Wall |
| 9:29 | Build | Palisade Wall |
| 9:44 | Age | Feudal Age |
| 10:00 | Build | Town Center |
| 10:29 | Create | Villager (Male) |
| 10:29 | Create | Villager (Male) |
| 11:17 | Build | Palisade Wall |
| 11:23 | Create | Villager (Male) |
| 11:23 | Create | Villager (Male) |
| 11:31 | Create | Villager (Male) |
| 11:31 | Create | Villager (Male) |
| 11:49 | Build | Lumber Camp |
| 11:53 | Research | Double-Bit Axe |
| 11:53 | Research | Double-Bit Axe |
| 12:08 | Create | Villager (Male) |
| 12:08 | Create | Villager (Male) |
| 12:30 | Build | Barracks |
| 12:43 | Build | House |
| 12:59 | Build | Palisade Wall |
| 13:05 | Create | Villager (Male) |
| 13:06 | Create | Villager (Male) |
| 13:06 | Create | Villager (Male) |
| 13:07 | Create | Villager (Male) |
| 13:29 | Build | Mining Camp |
| 13:35 | Build | Stable |
| 13:42 | Create | Villager (Male) |
| 13:43 | Create | Villager (Male) |
| 14:13 | Create | Villager (Male) |
| 14:23 | Create | Villager (Male) |
| 14:24 | Create | Villager (Male) |
| 14:24 | Create | Villager (Male) |
| 14:45 | Create | Villager (Male) |
| 14:46 | Create | Villager (Male) |
| 15:08 | Create | Villager (Male) |
| 15:42 | Build | House |
| 15:51 | Build | House |
| 15:58 | Build | House |
| 16:00 | Build | House |
| 16:03 | Research | Horse Collar |
| 16:08 | Build | Farm |
| 16:08 | Build | Farm |
| 16:09 | Build | Farm |
| 16:09 | Build | Farm |
| 16:10 | Build | Farm |
| 16:10 | Build | Farm |
| 16:10 | Build | Farm |
| 16:11 | Build | Farm |
| 16:11 | Build | Farm |
| 16:11 | Build | Farm |
| 16:11 | Build | Farm |
| 16:25 | Create | Villager (Male) |
| 16:38 | Build | Farm |
| 16:38 | Build | Farm |
| 16:38 | Build | Farm |
| 16:38 | Build | Farm |
| 16:39 | Build | Farm |
| 16:39 | Build | Farm |
| 16:39 | Build | Farm |
| 16:40 | Build | Farm |
| 16:40 | Build | Farm |
| 16:56 | Create | Villager (Male) ×5 |
| 17:19 | Build | Palisade Wall |
| 17:49 | Create | Villager (Male) |
| 17:49 | Create | Villager (Male) |
| 17:50 | Create | Villager (Male) |
| 18:05 | Build | Farm |
| 18:05 | Build | Farm |
| 18:05 | Build | Farm |
| 18:06 | Build | Farm |
| 18:06 | Build | Farm |
| 18:21 | Create | Villager (Male) |
| 18:21 | Create | Villager (Male) |
| 18:28 | Build | Farm |
| 18:43 | Create | Villager (Male) |
| 18:44 | Create | Villager (Male) |
| 18:44 | Create | Villager (Male) |
| 18:54 | Build | Market |
| 18:59 | Build | House |
| 19:30 | Build | Outpost |
| 19:34 | Build | Outpost |
| 19:53 | Build | Outpost |
| 19:55 | Create | Villager (Male) |
| 19:56 | Create | Villager (Male) |
| 19:56 | Create | Villager (Male) |
| 20:00 | Create | Villager (Male) |
| 20:25 | Build | Farm |
| 20:25 | Build | Farm |
| 20:25 | Build | Farm |
| 20:25 | Build | Farm |
| 20:26 | Build | Farm |
| 21:04 | Build | House |
| 21:06 | Build | House |
| 21:10 | Research | Castle Age |
| 21:11 | Create | Villager (Male) |
| 21:12 | Create | Villager (Male) |
| 21:18 | Build | House |
| 21:40 | Build | Mill |
| 21:40 | Build | Farm |
| 21:41 | Build | Farm |
| 21:41 | Build | Farm |
| 21:41 | Build | Farm |
| 21:42 | Build | Farm |
| 21:42 | Build | Farm |
| 21:46 | Build | Farm |
| 21:47 | Build | Farm |
| 21:47 | Build | Farm |
| 21:54 | Build | House |
| 22:02 | Research | Gold Mining |
| 22:12 | Build | Farm |
| 22:18 | Create | Villager (Male) |
| 22:19 | Create | Villager (Male) |
| 22:38 | Build | Stable |
| 22:42 | Build | Stable |
| 23:00 | Build | Blacksmith |
| 23:12 | Create | Spearman |
| 23:13 | Create | Spearman |
| 23:13 | Create | Spearman |
| 23:22 | Build | House |
Build order — IBUYPAWS
First 150 of 448 actions detected
| 0:01 | Create | Villager (Male) |
| 0:01 | Create | Villager (Male) |
| 0:01 | Create | Villager (Male) |
| 0:01 | Create | Villager (Male) |
| 0:02 | Create | Villager (Male) |
| 0:02 | Build | House |
| 0:04 | Build | House |
| 1:28 | Create | Villager (Male) |
| 1:29 | Create | Villager (Male) |
| 1:51 | Create | Villager (Male) |
| 1:51 | Create | Villager (Male) |
| 1:51 | Create | Villager (Male) |
| 2:26 | Create | Villager (Male) |
| 2:27 | Create | Villager (Male) |
| 2:27 | Create | Villager (Male) |
| 2:27 | Create | Villager (Male) |
| 2:46 | Create | Villager (Male) |
| 3:21 | Create | Villager (Male) |
| 3:22 | Create | Villager (Male) |
| 3:22 | Create | Villager (Male) |
| 4:06 | Create | Villager (Male) |
| 4:17 | Create | Villager (Male) |
| 4:21 | Build | House |
| 5:00 | Create | Villager (Male) |
| 5:21 | Build | Settlement |
| 5:24 | Create | Villager (Male) |
| 6:01 | Create | Villager (Male) |
| 6:04 | Create | Villager (Male) |
| 6:18 | Create | Villager (Male) |
| 6:38 | Create | Villager (Male) |
| 6:47 | Create | Villager (Male) |
| 7:03 | Create | Villager (Male) |
| 7:28 | Create | Villager (Male) |
| 8:02 | Build | House |
| 8:08 | Build | Barracks |
| 8:49 | Research | Feudal Age |
| 8:49 | Research | Feudal Age |
| 8:52 | Create | Villager (Male) |
| 8:52 | Create | Villager (Male) |
| 9:11 | Build | House |
| 9:25 | Create | Villager (Male) |
| 9:35 | Build | Settlement |
| 9:43 | Build | Settlement |
| 9:51 | Create | Villager (Male) |
| 10:31 | Build | Palisade Wall |
| 10:33 | Build | Palisade Wall |
| 11:07 | Age | Feudal Age |
| 11:09 | Create | Villager (Male) |
| 12:10 | Build | House |
| 12:14 | Create | Villager (Male) |
| 12:14 | Create | Villager (Male) |
| 12:20 | Create | Spearman |
| 12:21 | Create | Spearman |
| 12:33 | Build | Market |
| 12:35 | Create | Villager (Male) |
| 12:40 | Build | Palisade Wall |
| 12:49 | Create | Villager (Male) |
| 13:01 | Build | Blacksmith |
| 13:05 | Build | House |
| 13:13 | Create | Villager (Male) |
| 13:36 | Build | House |
| 13:50 | Build | Settlement |
| 13:52 | Create | Villager (Male) |
| 14:03 | Build | Farm |
| 14:04 | Build | Farm |
| 14:06 | Build | Farm |
| 14:07 | Build | Farm |
| 14:08 | Build | Farm |
| 14:09 | Build | Farm |
| 14:10 | Build | Farm |
| 14:40 | Build | House |
| 14:44 | Build | House |
| 14:45 | Build | House |
| 14:46 | Build | House |
| 14:55 | Build | Farm |
| 14:58 | Build | Farm |
| 15:17 | Create | Villager (Male) |
| 15:19 | Build | Farm |
| 15:42 | Build | Farm |
| 15:43 | Create | Villager (Male) |
| 15:47 | Build | Farm |
| 15:58 | Build | Farm |
| 16:04 | Create | Villager (Male) |
| 16:14 | Build | Farm |
| 16:41 | Research | Loom |
| 16:44 | Research | Castle Age |
| 17:05 | Research | Double-Bit Axe |
| 17:41 | Build | Archery Range |
| 17:44 | Build | Archery Range |
| 17:55 | Research | Gold Mining |
| 18:24 | Research | Fletching |
| 18:24 | Research | Padded Archer Armor |
| 19:46 | Age | Castle Age |
| 19:51 | Create | Villager (Male) |
| 19:51 | Create | Villager (Male) |
| 19:51 | Create | Villager (Male) |
| 19:51 | Create | Villager (Male) |
| 19:55 | Research | Bow Saw |
| 20:07 | Build | Town Center |
| 20:10 | Research | Horse Collar |
| 20:20 | Build | University |
| 20:24 | Create | Villager (Male) |
| 21:11 | Create | Villager (Male) |
| 21:11 | Create | Villager (Male) |
| 21:15 | Create | Bolas Rider |
| 21:15 | Create | Bolas Rider |
| 21:16 | Create | Bolas Rider |
| 21:18 | Create | Bolas Rider |
| 21:18 | Create | Bolas Rider |
| 21:18 | Create | Bolas Rider |
| 21:32 | Build | Farm |
| 21:33 | Create | Villager (Male) |
| 21:37 | Create | Villager (Male) |
| 21:38 | Create | Villager (Male) |
| 21:38 | Create | Villager (Male) |
| 21:38 | Create | Villager (Male) |
| 22:09 | Research | Ballistics |
| 22:09 | Research | Ballistics |
| 22:14 | Create | Bolas Rider |
| 22:14 | Create | Bolas Rider |
| 22:14 | Create | Bolas Rider |
| 22:20 | Research | Bodkin Arrow |
| 22:20 | Research | Bodkin Arrow |
| 22:20 | Research | Bodkin Arrow |
| 22:37 | Build | Settlement |
| 22:44 | Create | Villager (Male) |
| 22:52 | Build | House |
| 22:53 | Build | House |
| 23:01 | Create | Villager (Male) |
| 23:12 | Create | Villager (Male) |
| 23:15 | Build | Farm |
| 23:34 | Create | Villager (Male) |
| 23:44 | Build | Town Center |
| 23:50 | Create | Villager (Male) |
| 24:09 | Create | Bolas Rider |
| 24:09 | Create | Bolas Rider |
| 24:10 | Create | Bolas Rider |
| 24:10 | Create | Bolas Rider |
| 24:26 | Build | Farm |
| 24:27 | Build | Farm |
| 24:28 | Build | Farm |
| 24:32 | Build | Farm |
| 24:32 | Build | Farm |
| 24:32 | Build | Farm |
| 24:34 | Create | Villager (Male) |
| 24:39 | Create | Villager (Male) |
| 24:39 | Create | Villager (Male) |
| 25:09 | Create | Villager (Male) |
| 25:09 | Create | Villager (Male) |
| 25:11 | Build | Farm |
Build order — FlyGuy
First 150 of 259 actions detected
| 0:03 | Create | Villager (Male) |
| 0:04 | Create | Villager (Male) |
| 0:05 | Create | Villager (Male) |
| 0:08 | Build | House |
| 0:11 | Build | House |
| 0:16 | Create | Villager (Male) |
| 0:17 | Create | Villager (Male) |
| 0:17 | Create | Villager (Male) |
| 1:30 | Create | Villager (Male) |
| 1:54 | Build | Lumber Camp |
| 2:01 | Create | Villager (Male) |
| 3:03 | Create | Villager (Male) |
| 3:06 | Create | Villager (Male) |
| 3:41 | Build | House |
| 4:19 | Build | Mill |
| 4:39 | Create | Villager (Male) |
| 4:40 | Create | Villager (Male) |
| 4:40 | Create | Villager (Male) |
| 5:12 | Create | Villager (Male) |
| 5:51 | Create | Villager (Male) |
| 6:28 | Build | Lumber Camp |
| 6:36 | Create | Villager (Male) |
| 6:48 | Build | House |
| 6:58 | Research | Loom |
| 7:00 | Create | Villager (Male) |
| 7:25 | Create | Villager (Male) |
| 7:36 | Create | Villager (Male) |
| 7:47 | Create | Villager (Male) |
| 8:02 | Create | Villager (Male) |
| 8:37 | Create | Villager (Male) |
| 9:10 | Build | Mining Camp |
| 9:26 | Build | House |
| 9:37 | Research | Feudal Age |
| 10:00 | Create | Villager (Male) |
| 10:03 | Create | Villager (Male) |
| 11:50 | Age | Feudal Age |
| 11:52 | Create | Villager (Male) |
| 12:02 | Build | Blacksmith |
| 12:08 | Build | House |
| 12:19 | Build | Market |
| 12:49 | Create | Villager (Male) |
| 13:08 | Research | Horse Collar |
| 13:12 | Build | Farm |
| 13:12 | Build | Farm |
| 13:13 | Build | Farm |
| 13:13 | Build | Farm |
| 13:13 | Build | Farm |
| 13:18 | Build | Farm |
| 13:49 | Create | Villager (Male) |
| 13:51 | Create | Villager (Male) |
| 13:57 | Build | Farm |
| 13:57 | Build | Farm |
| 13:58 | Build | Farm |
| 13:58 | Build | Farm |
| 13:58 | Build | Farm |
| 14:01 | Build | Farm |
| 14:02 | Build | Farm |
| 14:02 | Build | Farm |
| 14:03 | Build | Farm |
| 14:47 | Build | Farm |
| 14:47 | Build | Farm |
| 14:52 | Build | Farm |
| 14:54 | Build | Farm |
| 15:19 | Build | House |
| 15:23 | Build | House |
| 15:33 | Build | House |
| 16:11 | Research | Castle Age |
| 17:28 | Research | Double-Bit Axe |
| 18:17 | Create | Villager (Male) ×5 |
| 18:47 | Build | Barracks |
| 18:51 | Age | Castle Age |
| 19:02 | Build | Town Center |
| 19:16 | Research | Heavy Plow |
| 19:29 | Create | Villager (Male) |
| 19:29 | Create | Villager (Male) |
| 19:42 | Research | Bow Saw |
| 19:52 | Create | Villager (Male) |
| 19:53 | Create | Villager (Male) |
| 20:15 | Research | Gold Mining |
| 20:40 | Create | Villager (Male) |
| 20:54 | Build | Barracks |
| 21:42 | Create | Spearman |
| 21:44 | Research | Pikeman (upgrade) |
| 21:47 | Research | Squires |
| 21:48 | Create | Spearman |
| 21:49 | Create | Spearman |
| 22:04 | Build | Stable |
| 22:06 | Build | House |
| 22:27 | Create | Villager (Male) |
| 22:31 | Research | Wheelbarrow |
| 22:32 | Create | Villager (Male) |
| 22:33 | Create | Villager (Male) |
| 22:41 | Research | Scale Mail Armor |
| 22:58 | Build | Monastery |
| 23:28 | Build | Lumber Camp |
| 23:34 | Create | Spearman |
| 23:34 | Create | Spearman |
| 23:50 | Create | Monk |
| 23:51 | Create | Monk |
| 24:33 | Research | Husbandry |
| 24:34 | Research | Bloodlines |
| 24:54 | Create | Villager (Male) |
| 24:57 | Research | Hand Cart |
| 25:00 | Create | Villager (Male) |
| 25:00 | Create | Villager (Male) |
| 25:38 | Build | Castle |
| 25:59 | Build | Farm |
| 25:59 | Build | Farm |
| 25:59 | Build | Farm |
| 26:00 | Build | Farm |
| 26:08 | Create | Villager (Male) |
| 26:08 | Create | Villager (Male) |
| 26:08 | Create | Villager (Male) |
| 26:09 | Create | Villager (Male) |
| 26:14 | Build | Farm |
| 26:18 | Build | Farm |
| 26:19 | Build | Farm |
| 26:19 | Build | Farm |
| 26:19 | Build | Farm |
| 26:20 | Build | Farm |
| 26:24 | Build | Farm |
| 26:27 | Build | Farm |
| 27:27 | Create | Leitis ×4 |
| 27:47 | Create | Villager (Male) ×5 |
| 28:46 | Build | Town Center |
| 28:51 | Create | Villager (Male) ×5 |
| 28:52 | Create | Villager (Male) ×5 |
| 29:05 | Build | Farm |
| 29:21 | Create | Leitis |
| 29:48 | Build | Farm |
| 29:48 | Build | Farm |
| 29:48 | Build | Farm |
| 29:49 | Build | Farm |
| 29:49 | Build | Farm |
| 30:02 | Build | Farm |
| 30:37 | Create | Villager (Male) |
| 30:37 | Create | Villager (Male) |
| 30:44 | Create | Leitis ×3 |
| 30:55 | Research | Scale Barding Armor |
| 31:06 | Create | Villager (Male) ×5 |
| 31:18 | Build | Mining Camp |
| 32:00 | Create | Villager (Male) ×5 |
| 32:01 | Create | Villager (Male) ×5 |
| 32:01 | Create | Villager (Male) ×5 |
| 32:01 | Create | Villager (Male) ×5 |
| 32:07 | Create | Leitis ×5 |
| 32:08 | Create | Leitis ×5 |
| 32:08 | Create | Leitis |
| 33:02 | Build | House |
| 33:17 | Build | House |
Build order — micaaa98
First 150 of 505 actions detected
| 0:00 | Create | Villager (Male) |
| 0:01 | Create | Villager (Male) |
| 0:01 | Create | Villager (Male) |
| 0:01 | Create | Villager (Male) |
| 0:03 | Build | House |
| 0:06 | Build | House |
| 1:29 | Create | Villager (Male) |
| 1:40 | Create | Villager (Male) |
| 1:53 | Build | Lumber Camp |
| 1:59 | Create | Villager (Male) |
| 1:59 | Create | Villager (Male) |
| 2:30 | Create | Villager (Male) |
| 3:10 | Create | Villager (Male) |
| 3:10 | Create | Villager (Male) |
| 3:57 | Build | House |
| 4:29 | Create | Villager (Male) |
| 4:29 | Create | Villager (Male) |
| 4:30 | Create | Villager (Male) |
| 5:01 | Build | Mill |
| 5:46 | Create | Villager (Male) |
| 5:57 | Create | Villager (Male) |
| 6:24 | Create | Villager (Male) |
| 7:19 | Research | Loom |
| 7:52 | Research | Feudal Age |
| 8:11 | Build | House |
| 8:28 | Build | House |
| 8:32 | Build | Barracks |
| 9:53 | Build | House |
| 10:02 | Age | Feudal Age |
| 10:08 | Create | Villager (Male) |
| 10:08 | Create | Villager (Male) |
| 10:13 | Build | Palisade Wall |
| 10:42 | Create | Villager (Male) |
| 10:44 | Research | Horse Collar |
| 10:45 | Research | Double-Bit Axe |
| 10:56 | Build | House |
| 11:05 | Build | House |
| 11:07 | Build | House |
| 11:08 | Build | House |
| 11:11 | Build | Palisade Wall |
| 11:17 | Create | Spearman |
| 11:18 | Create | Spearman |
| 11:22 | Create | Villager (Male) |
| 11:33 | Build | Farm |
| 11:34 | Build | Farm |
| 11:34 | Build | Farm |
| 11:34 | Build | Farm |
| 12:06 | Create | Villager (Male) |
| 12:06 | Create | Villager (Male) |
| 12:15 | Create | Spearman |
| 12:20 | Create | Villager (Male) |
| 12:33 | Build | Farm |
| 12:37 | Build | Farm |
| 12:38 | Build | Farm |
| 12:54 | Build | Farm |
| 13:06 | Build | Palisade Wall |
| 13:18 | Create | Villager (Male) |
| 13:18 | Create | Villager (Male) |
| 13:22 | Build | Farm |
| 14:11 | Build | Mining Camp |
| 14:18 | Create | Villager (Male) |
| 15:11 | Create | Villager (Male) |
| 15:11 | Create | Villager (Male) |
| 15:41 | Build | Blacksmith |
| 15:57 | Build | Market |
| 16:42 | Create | Villager (Male) |
| 16:43 | Create | Villager (Male) |
| 16:59 | Build | Stable |
| 17:05 | Research | Castle Age |
| 17:18 | Research | Scale Barding Armor |
| 17:20 | Research | Forging |
| 18:06 | Build | Stable |
| 18:41 | Build | House |
| 18:43 | Build | House |
| 18:44 | Build | House |
| 19:38 | Research | Bloodlines |
| 19:47 | Age | Castle Age |
| 19:50 | Research | Iron Casting |
| 19:52 | Create | Camel Scout |
| 19:52 | Create | Camel Scout |
| 19:52 | Create | Camel Scout |
| 19:55 | Create | Villager (Male) |
| 19:55 | Create | Villager (Male) |
| 20:12 | Build | Town Center |
| 20:24 | Create | Camel Scout |
| 20:35 | Create | Villager (Male) |
| 20:51 | Research | Husbandry |
| 20:52 | Create | Camel Scout |
| 21:02 | Create | Villager (Male) |
| 21:45 | Create | Villager (Male) |
| 21:45 | Create | Villager (Male) |
| 21:59 | Build | Town Center |
| 22:01 | Create | Villager (Male) |
| 22:01 | Create | Villager (Male) |
| 22:02 | Create | Villager (Male) |
| 22:34 | Build | Monastery |
| 23:23 | Create | Villager (Male) |
| 24:49 | Create | Villager (Male) |
| 24:49 | Create | Villager (Male) |
| 24:49 | Create | Villager (Male) |
| 24:50 | Create | Villager (Male) |
| 24:50 | Create | Villager (Male) |
| 24:50 | Create | Villager (Male) |
| 24:51 | Create | Villager (Male) |
| 24:51 | Create | Villager (Male) |
| 25:02 | Build | Lumber Camp |
| 25:43 | Create | Camel Scout |
| 25:43 | Create | Camel Scout |
| 25:44 | Create | Camel Scout |
| 25:44 | Create | Camel Scout |
| 25:44 | Create | Camel Scout |
| 25:45 | Create | Camel Scout |
| 25:54 | Build | Farm |
| 25:54 | Build | Farm |
| 25:55 | Build | Farm |
| 25:55 | Build | Farm |
| 25:55 | Build | Farm |
| 26:03 | Create | Monk |
| 26:03 | Create | Monk |
| 26:40 | Build | Mining Camp |
| 26:45 | Build | House |
| 26:46 | Build | House |
| 26:47 | Build | House |
| 26:56 | Create | Villager (Male) |
| 26:57 | Create | Villager (Male) |
| 27:08 | Research | Heavy Plow |
| 27:17 | Create | Villager (Male) |
| 27:17 | Create | Villager (Male) |
| 27:17 | Create | Villager (Male) |
| 27:51 | Create | Villager (Male) |
| 27:51 | Create | Villager (Male) |
| 27:51 | Create | Villager (Male) |
| 28:05 | Build | Farm |
| 28:05 | Build | Farm |
| 28:05 | Build | Farm |
| 28:05 | Build | Farm |
| 28:06 | Build | Farm |
| 28:06 | Build | Farm |
| 28:21 | Research | Bow Saw |
| 28:38 | Create | Monk |
| 28:46 | Build | Farm |
| 28:46 | Build | Farm |
| 28:46 | Build | Farm |
| 28:46 | Build | Farm |
| 28:47 | Build | Farm |
| 28:51 | Create | Villager (Male) |
| 28:51 | Create | Villager (Male) |
| 28:52 | Create | Villager (Male) |
| 29:49 | Build | House |
| 29:49 | Build | House |
Build order — JJ23
First 150 of 522 actions detected
| 0:02 | Create | Villager (Male) |
| 0:02 | Create | Villager (Male) |
| 0:02 | Create | Villager (Male) |
| 0:03 | Create | Villager (Male) |
| 0:04 | Build | House |
| 0:06 | Build | House |
| 1:34 | Create | Villager (Male) |
| 2:02 | Create | Villager (Male) |
| 2:12 | Build | Lumber Camp |
| 2:34 | Create | Villager (Male) |
| 2:35 | Create | Villager (Male) |
| 3:20 | Create | Villager (Male) |
| 3:34 | Build | House |
| 3:41 | Create | Villager (Male) |
| 4:06 | Create | Villager (Male) |
| 4:23 | Build | Mill |
| 4:46 | Create | Villager (Male) |
| 4:46 | Create | Villager (Male) |
| 5:31 | Create | Villager (Male) |
| 5:31 | Create | Villager (Male) |
| 5:37 | Build | House |
| 6:28 | Create | Villager (Male) |
| 6:29 | Create | Villager (Male) |
| 7:15 | Create | Villager (Male) |
| 7:35 | Create | Villager (Male) |
| 8:02 | Research | Feudal Age |
| 8:07 | Research | Loom |
| 8:08 | Research | Feudal Age |
| 8:15 | Build | Mining Camp |
| 9:46 | Create | Villager (Male) |
| 9:46 | Create | Villager (Male) |
| 10:43 | Age | Feudal Age |
| 10:46 | Build | Blacksmith |
| 10:52 | Build | Market |
| 11:28 | Build | House |
| 12:05 | Build | Farm |
| 12:05 | Build | Farm |
| 12:05 | Build | Farm |
| 12:06 | Build | Farm |
| 12:06 | Build | Farm |
| 12:21 | Research | Castle Age |
| 12:43 | Build | Mining Camp |
| 13:05 | Build | Farm |
| 13:33 | Research | Double-Bit Axe |
| 14:22 | Build | Barracks |
| 14:50 | Create | Villager (Male) |
| 14:51 | Create | Villager (Male) |
| 15:01 | Age | Castle Age |
| 15:16 | Build | Town Center |
| 15:25 | Create | Spearman |
| 15:45 | Create | Villager (Male) |
| 16:05 | Create | Spearman |
| 16:16 | Build | Farm |
| 16:18 | Create | Villager (Male) |
| 16:20 | Create | Villager (Male) |
| 16:25 | Build | House |
| 17:12 | Build | House |
| 18:02 | Create | Villager (Male) |
| 18:02 | Create | Villager (Male) |
| 18:17 | Build | Archery Range |
| 18:19 | Create | Villager (Male) |
| 18:20 | Create | Villager (Male) |
| 18:24 | Build | Farm |
| 18:43 | Build | Farm |
| 18:47 | Create | Villager (Male) |
| 18:56 | Research | Fletching |
| 19:13 | Build | Farm |
| 19:14 | Create | Villager (Male) |
| 19:16 | Create | Villager (Male) |
| 19:21 | Build | Farm |
| 19:22 | Create | Villager (Male) |
| 19:39 | Create | Cavalry Archer |
| 19:42 | Create | Villager (Male) |
| 19:51 | Create | Villager (Male) |
| 19:54 | Create | Cavalry Archer |
| 20:08 | Create | Villager (Male) |
| 20:17 | Build | House |
| 20:19 | Build | House |
| 20:33 | Create | Villager (Male) |
| 20:33 | Create | Villager (Male) |
| 20:34 | Create | Villager (Male) |
| 20:44 | Create | Villager (Male) |
| 20:53 | Create | Cavalry Archer |
| 21:08 | Build | Archery Range |
| 21:15 | Create | Villager (Male) |
| 21:18 | Create | Cavalry Archer |
| 21:18 | Create | Cavalry Archer |
| 21:21 | Create | Villager (Male) |
| 21:36 | Create | Villager (Male) |
| 21:48 | Build | University |
| 21:50 | Create | Villager (Male) |
| 21:52 | Create | Villager (Male) |
| 21:58 | Create | Cavalry Archer |
| 22:12 | Create | Villager (Male) |
| 22:22 | Build | House |
| 22:24 | Build | House |
| 22:26 | Build | House |
| 22:28 | Build | House |
| 22:31 | Create | Villager (Male) |
| 22:34 | Create | Villager (Male) |
| 22:48 | Build | Farm |
| 23:07 | Create | Cavalry Archer |
| 23:08 | Create | Cavalry Archer |
| 23:24 | Create | Villager (Male) |
| 23:25 | Create | Villager (Male) |
| 23:30 | Build | House |
| 23:32 | Build | House |
| 23:38 | Create | Villager (Male) |
| 23:40 | Create | Cavalry Archer |
| 23:41 | Create | Cavalry Archer |
| 23:41 | Create | Cavalry Archer |
| 23:56 | Build | Farm |
| 24:03 | Build | Farm |
| 24:13 | Build | Farm |
| 24:14 | Build | Farm |
| 24:14 | Build | Farm |
| 24:15 | Build | Farm |
| 24:15 | Build | Farm |
| 24:15 | Build | Farm |
| 24:23 | Create | Villager (Male) |
| 24:23 | Create | Villager (Male) |
| 24:26 | Create | Cavalry Archer |
| 24:26 | Create | Cavalry Archer |
| 24:35 | Create | Cavalry Archer |
| 24:35 | Create | Cavalry Archer |
| 25:00 | Create | Villager (Male) |
| 25:06 | Research | Bodkin Arrow |
| 25:23 | Build | Farm |
| 25:27 | Build | Farm |
| 25:29 | Create | Villager (Male) |
| 25:29 | Create | Villager (Male) |
| 25:34 | Create | Cavalry Archer |
| 25:35 | Create | Cavalry Archer |
| 25:50 | Research | Ballistics |
| 25:52 | Create | Cavalry Archer |
| 25:54 | Create | Villager (Male) |
| 25:54 | Create | Villager (Male) |
| 26:00 | Build | Farm |
| 26:11 | Create | Cavalry Archer |
| 26:11 | Create | Cavalry Archer |
| 26:12 | Create | Cavalry Archer |
| 26:17 | Create | Villager (Male) |
| 26:18 | Create | Villager (Male) |
| 26:22 | Build | Farm |
| 26:36 | Build | House |
| 26:38 | Build | House |
| 26:42 | Build | House |
| 26:45 | Build | House |
| 26:47 | Build | House |
| 26:54 | Create | Villager (Male) |
Build order — Altrocanto
First 150 of 477 actions detected
| 0:04 | Create | Villager (Male) |
| 0:04 | Create | Villager (Male) |
| 0:04 | Create | Villager (Male) |
| 0:05 | Create | Villager (Male) |
| 0:06 | Build | House |
| 0:08 | Build | House |
| 0:30 | Build | House |
| 1:40 | Create | Villager (Male) |
| 2:06 | Create | Villager (Male) |
| 2:40 | Build | Lumber Camp |
| 2:41 | Create | Villager (Male) |
| 3:10 | Create | Villager (Male) |
| 3:10 | Create | Villager (Male) |
| 3:10 | Create | Villager (Male) |
| 3:47 | Create | Villager (Male) |
| 3:47 | Create | Villager (Male) |
| 4:11 | Create | Villager (Male) |
| 4:16 | Research | Loom |
| 4:17 | Create | Villager (Male) |
| 4:17 | Create | Villager (Male) |
| 4:23 | Create | Villager (Male) |
| 4:24 | Create | Villager (Male) |
| 4:34 | Create | Villager (Male) |
| 5:07 | Create | Villager (Male) |
| 5:07 | Create | Villager (Male) |
| 5:37 | Build | House |
| 5:38 | Build | House |
| 5:57 | Create | Villager (Male) |
| 6:21 | Create | Villager (Male) |
| 6:21 | Create | Villager (Male) |
| 6:30 | Create | Villager (Male) |
| 6:31 | Create | Villager (Male) |
| 6:41 | Create | Villager (Male) |
| 6:42 | Create | Villager (Male) |
| 7:01 | Build | Mill |
| 7:02 | Create | Villager (Male) |
| 7:07 | Build | House |
| 7:08 | Create | Villager (Male) |
| 7:08 | Create | Villager (Male) |
| 7:21 | Create | Villager (Male) |
| 7:34 | Create | Villager (Male) |
| 7:35 | Create | Villager (Male) |
| 7:43 | Build | House |
| 7:45 | Build | House |
| 7:49 | Create | Villager (Male) |
| 7:54 | Create | Villager (Male) |
| 8:04 | Create | Villager (Male) |
| 8:24 | Research | Feudal Age |
| 9:14 | Build | Barracks |
| 10:07 | Build | Pasture |
| 10:40 | Create | Villager (Male) |
| 10:44 | Create | Villager (Male) |
| 10:45 | Age | Feudal Age |
| 10:56 | Build | Stable |
| 10:58 | Create | Villager (Male) |
| 11:01 | Create | Villager (Male) |
| 11:06 | Build | Pasture |
| 11:29 | Create | Scout Cavalry |
| 11:30 | Create | Scout Cavalry |
| 11:30 | Create | Scout Cavalry |
| 11:30 | Create | Scout Cavalry |
| 11:42 | Create | Villager (Male) |
| 11:42 | Create | Villager (Male) |
| 11:46 | Build | Pasture |
| 11:52 | Create | Villager (Male) |
| 12:02 | Build | Palisade Wall |
| 12:07 | Create | Villager (Male) |
| 12:20 | Create | Villager (Male) |
| 12:27 | Build | Blacksmith |
| 12:33 | Create | Villager (Male) |
| 12:34 | Create | Villager (Male) |
| 12:39 | Research | Double-Bit Axe |
| 12:42 | Create | Scout Cavalry |
| 12:42 | Create | Scout Cavalry |
| 12:53 | Build | Palisade Wall |
| 13:04 | Create | Scout Cavalry |
| 13:04 | Create | Scout Cavalry |
| 13:07 | Create | Villager (Male) |
| 13:07 | Create | Villager (Male) |
| 13:12 | Build | Pasture |
| 13:30 | Create | Villager (Male) |
| 13:53 | Build | Palisade Wall |
| 13:57 | Build | Building 796 |
| 13:59 | Create | Villager (Male) |
| 14:05 | Build | Pasture |
| 14:13 | Create | Villager (Male) |
| 14:21 | Research | Scale Barding Armor |
| 14:31 | Build | Mining Camp |
| 14:33 | Create | Villager (Male) |
| 14:48 | Create | Villager (Male) |
| 14:51 | Build | Pasture |
| 15:26 | Create | Villager (Male) |
| 16:23 | Create | Villager (Male) |
| 16:23 | Create | Villager (Male) |
| 16:24 | Create | Villager (Male) |
| 16:56 | Build | Stable |
| 17:42 | Create | Villager (Male) |
| 17:44 | Research | Wheelbarrow |
| 17:53 | Build | Mining Camp |
| 17:56 | Create | Villager (Male) |
| 18:02 | Build | Market |
| 18:08 | Create | Villager (Male) |
| 18:12 | Create | Villager (Male) |
| 18:18 | Build | House |
| 18:19 | Build | House |
| 18:27 | Build | House |
| 18:40 | Build | House |
| 18:48 | Build | House |
| 19:02 | Build | Lumber Camp |
| 19:09 | Research | Castle Age |
| 19:20 | Build | Stable |
| 19:29 | Build | Palisade Wall |
| 19:33 | Create | Villager (Male) |
| 19:39 | Build | House |
| 19:41 | Build | House |
| 19:44 | Build | House |
| 20:03 | Research | Gold Mining |
| 20:10 | Research | Tech 1014 |
| 20:16 | Research | Forging |
| 20:25 | Build | Lumber Camp |
| 21:02 | Build | Pasture |
| 21:08 | Create | Villager (Male) |
| 21:18 | Create | Villager (Male) |
| 21:26 | Build | Pasture |
| 21:49 | Age | Castle Age |
| 21:53 | Build | Town Center |
| 21:58 | Create | Steppe Lancer |
| 21:58 | Create | Steppe Lancer |
| 21:59 | Create | Steppe Lancer |
| 21:59 | Create | Steppe Lancer |
| 21:59 | Create | Steppe Lancer |
| 22:12 | Build | Palisade Wall |
| 22:20 | Build | Building 796 |
| 22:22 | Create | Villager (Male) |
| 22:28 | Research | Wheelbarrow |
| 22:57 | Create | Villager (Male) |
| 23:05 | Research | Bow Saw |
| 23:15 | Create | Villager (Male) |
| 23:15 | Create | Villager (Male) |
| 23:21 | Build | Pasture |
| 23:22 | Build | Pasture |
| 23:28 | Create | Villager (Male) |
| 23:33 | Create | Villager (Male) |
| 23:34 | Create | Villager (Male) |
| 23:34 | Create | Villager (Male) |
| 23:50 | Create | Steppe Lancer |
| 23:51 | Create | Steppe Lancer |
| 23:51 | Create | Steppe Lancer |
| 23:55 | Create | Villager (Male) |
| 23:59 | Build | Pasture |
Match timeline
| 7:57 | JeyAy · wall_segment Palisade Wall x1 |
| 8:08 | IBUYPAWS · first_building Barracks |
| 8:32 | micaaa98 · first_building Barracks |
| 9:11 | JeyAy · wall_segment Palisade Wall x4 |
| 9:14 | Altrocanto · first_building Barracks |
| 9:29 | JeyAy · wall_segment Palisade Wall x3 |
| 9:44 | JeyAy · age_up feudal |
| 10:02 | micaaa98 · age_up feudal |
| 10:13 | micaaa98 · wall_segment Palisade Wall x1 |
| 10:31 | IBUYPAWS · wall_segment Palisade Wall x7 |
| 10:33 | IBUYPAWS · wall_segment Palisade Wall x12 |
| 10:43 | JJ23 · age_up feudal |
| 10:45 | Altrocanto · age_up feudal |
| 10:56 | Altrocanto · first_building Stable |
| 11:07 | IBUYPAWS · age_up feudal |
| 11:11 | micaaa98 · wall_segment Palisade Wall x5 |
| 11:17 | JeyAy · wall_segment Palisade Wall x4 |
| 11:44 | JJ23 · first_market_sell 100 stone |
| 11:47 | JJ23 · first_market_buy 100 food |
| 11:50 | FlyGuy · age_up feudal |
| 12:02 | Altrocanto · wall_segment Palisade Wall x15 |
| 12:30 | JeyAy · first_building Barracks |
| 12:40 | IBUYPAWS · wall_segment Palisade Wall x2 |
| 12:53 | Altrocanto · wall_segment Palisade Wall x6 |
| 12:59 | JeyAy · wall_segment Palisade Wall x9 |
| 13:06 | micaaa98 · wall_segment Palisade Wall x2 |
| 13:35 | JeyAy · first_building Stable |
| 13:53 | Altrocanto · wall_segment Palisade Wall x15 |
| 14:22 | JJ23 · first_building Barracks |
| 14:36 | FlyGuy · first_market_sell 100 stone |
| 14:38 | FlyGuy · first_market_buy 100 food |
| 15:01 | JJ23 · age_up castle |
| 16:59 | micaaa98 · first_building Stable |
| 17:19 | JeyAy · wall_segment Palisade Wall x4 |
| 17:41 | IBUYPAWS · first_building Archery Range |
| 18:17 | JJ23 · first_building Archery Range |
| 18:47 | FlyGuy · first_building Barracks |
| 18:51 | FlyGuy · age_up castle |
| 19:29 | Altrocanto · wall_segment Palisade Wall x11 |
| 19:46 | IBUYPAWS · age_up castle |
| 19:47 | micaaa98 · age_up castle |
| 21:49 | Altrocanto · age_up castle |
| 22:04 | FlyGuy · first_building Stable |
| 22:08 | IBUYPAWS · first_market_buy 100 wood |
| 22:12 | Altrocanto · wall_segment Palisade Wall x12 |
| 22:34 | micaaa98 · first_building Monastery |
| 22:58 | FlyGuy · first_building Monastery |
| 23:47 | JeyAy · wall_segment Palisade Wall x1 |
| 23:48 | JeyAy · wall_segment Palisade Wall x1 |
| 23:50 | JeyAy · age_up castle |
| 24:57 | JeyAy · first_market_sell 100 wood |
| 25:38 | FlyGuy · first_building Castle |
| 26:22 | JeyAy · first_building Monastery |
| 26:23 | IBUYPAWS · first_building Castle |
| 31:43 | JeyAy · first_building Castle |
| 31:46 | micaaa98 · first_building Archery Range |
| 32:08 | JJ23 · first_building Castle |
| 34:46 | Altrocanto · first_building Monastery |
| 35:01 | JeyAy · age_up imperial |
| 35:17 | IBUYPAWS · first_building Siege Workshop |
| 35:34 | micaaa98 · first_building Castle |
| 35:38 | IBUYPAWS · wall_segment Stone Wall x37 |
| 35:39 | IBUYPAWS · wall_segment Stone Wall x10 |
| 37:07 | micaaa98 · first_market_sell 100 wood |
| 37:09 | micaaa98 · first_market_buy 100 food |
| 37:13 | FlyGuy · age_up imperial |
| 37:18 | IBUYPAWS · age_up imperial |
| 38:22 | JJ23 · age_up imperial |
| 38:45 | IBUYPAWS · wall_segment Stone Wall x13 |
| 38:55 | Altrocanto · wall_segment Stone Wall x26 |
| 39:03 | Altrocanto · first_market_buy 100 stone |
| 39:08 | Altrocanto · age_up imperial |
| 39:15 | FlyGuy · tribute_sent a jugador 1 |
| 39:15 | FlyGuy · tribute_sent a jugador 3 |
| 39:15 | FlyGuy · tribute_sent a jugador 4 |
| 39:15 | FlyGuy · tribute_sent a jugador 5 |
| 39:15 | FlyGuy · tribute_sent a jugador 6 |
| 39:31 | IBUYPAWS · first_market_sell 100 wood |
| 39:59 | FlyGuy · first_building Archery Range |
| 40:07 | IBUYPAWS · wall_segment Stone Wall x26 |
| 40:23 | micaaa98 · age_up imperial |
| 40:55 | Altrocanto · first_market_sell 100 wood |
| 42:45 | micaaa98 · wall_segment Stone Wall x1 |
| 47:55 | JJ23 · first_building Stable |
| 51:05 | IBUYPAWS · wall_segment Stone Wall x8 |
| 51:13 | IBUYPAWS · wall_segment Stone Wall x14 |
| 51:15 | IBUYPAWS · wall_segment Stone Wall x3 |
| 54:41 | FlyGuy · wall_segment Stone Wall x5 |
| 55:14 | micaaa98 · first_building Siege Workshop |
| 56:28 | Altrocanto · first_building Siege Workshop |
| 57:42 | JJ23 · resign |
[ AI ANALYSIS · 1 CREDIT ]
What really happened in this match?
Wolo.gg analyzes every decision: build order, eco, micro, common mistakes by bracket. Personalized analysis on WhatsApp or Discord in 30 seconds.
Civ guide
Cumans
Perfil
Jugador #2633608